 Dungeon Crawl Stone Soup version 0.31.0-32-g396128a36d (webtiles) character file.

Game seed: 15699783310627123338

302 Alphaeus the Ruffian (level 6, -5/85 HPs)
             Began as a Troll Shapeshifter on Mar 20, 2024.
             Was an Initiate of Qazlal.
             Slain by an iguana (7 damage)
             ... on level 5 of the Dungeon.
             The game lasted 00:02:52 (2711 turns).

Alphaeus the Ruffian (Troll Shapeshifter)           Turns: 2711, Time: 00:02:53

Health: -5/85      AC: 23    Str: 23    XL:     6   Next: 14%
Magic:  5/5        EV:  1    Int:  8    God:    Qazlal [......]
Gold:   123        SH:  0    Dex:  9    Spells: 5/5 levels left

rFire   . .          .
                       - Unarmed
rCold   . . .        (no shield)
rNeg    . . .        a - melded +0 animal skin
rPois   +            (helmet currently unavailable)
rElec   .            (cloak currently unavailable)
rCorr   .            (gloves unavailable)
SInv    .            (boots unavailable)
Will    .....        (no amulet)
Stlth   +            (no ring)
HPRegen 1.14/turn    (no ring)
MPRegen 0.09/turn

%: no passive effects
@: tree-form, attractive
A: stationary, stasis, torment immunity, boosted hp, large, unfitting armour,
(claws 3), regeneration 1, (shaggy fur 1), (tough skin 1)
a: Renounce Religion


You were on level 5 of the Dungeon.
You worshipped Qazlal.
Qazlal was noncommittal.
You were a tree.
You visited 1 branch of the dungeon, and saw 5 of its levels.

You collected 123 gold pieces.

Inventory:

Armour
 a - a +0 animal skin (melded)
Jewellery
 k - an amulet of magic regeneration
Talismans
 c - a beast talisman
 d - a flux talisman
Wands
 n - a wand of flame (22)
Scrolls
 e - a scroll of vulnerability {unknown}
 g - a scroll of fear {unknown}
 h - 6 scrolls of teleportation {unknown}
 i - a scroll of fog {unknown}
 o - a scroll of silence {unknown}
Potions
 b - a potion of lignification
 f - a potion of attraction
 j - a potion of enlightenment {unknown}
 l - a potion of curing {unknown}
 m - 3 potions of heal wounds {unknown}


   Skills:
 + Level 2.2 Fighting
 - Level 1.5 Dodging
 * Level 4.9 Unarmed Combat
 + Level 0.1 Invocations
 * Level 4.6 Shapeshifting


You had 5 spell levels left.
You didn't know any spells.
Your spell library contained the following spells:

 Spells                   Type           Power      Damage    Failure   Level
 Magic Dart               Conj           0%         1d3       41%         1
 Sandblast                Erth           0%         2d4       41%         1
 Summon Small Mammal      Summ           0%         N/A       41%         1
 Blink                    Tloc           0%         N/A       54%         2
 Call Imp                 Summ           0%         N/A       54%         2
 Sublimation of Blood     Necr           0%         N/A       54%         2
 Call Canine Familiar     Summ           0%         N/A       78%         3
 Passwall                 Erth           0%         N/A       78%         3
 Stone Arrow              Conj/Erth      0%         3d7       78%         3
 Brom's Barrelling Bould  Conj/Erth      0%         2d3       99%         4
 Summon Blazeheart Golem  Fire/Summ      0%         N/A       99%         4
 Summon Hydra             Summ           0%         N/A       100%        7


Dungeon Overview and Level Annotations

Branches:
Dungeon (5/15)
 Temple: D:4-7

Altars:
Qazlal
Ru
Yredelemnul

Shops:
D:4 :

Annotations:
D:3 2 transporters, PaiMei's ghost, novice TeAE


Innate Abilities, Weirdness & Mutations

You are a tree.
Your roots penetrate the ground, keeping you stationary.
You cannot be teleported.
You are immune to unholy pain and torment.
Your maximum health is greatly increased.
Your equipment is partially melded.
You are too large for most types of armour.
((You have claws for hands.))
Your natural rate of healing is unusually fast.
((You are covered in fur. (AC +1)))
((You have tough skin. (AC +1)))


Message History

The iguana is heavily wounded.
The orc hits you with a +0 whip. x2; The iguana bites you!
* * * LOW HITPOINT WARNING * * *
You are too injured to fight recklessly!
You are too injured to fight recklessly!
You are too injured to fight recklessly!
You are too injured to fight recklessly!
You are too injured to fight recklessly!
You are too injured to fight recklessly!
You are too injured to fight recklessly!
You are too injured to fight recklessly!
You are too injured to fight recklessly!
You are too injured to fight recklessly!
You are too injured to fight recklessly!
You are too injured to fight recklessly!
You are too injured to fight recklessly!
You barely miss the iguana.
The iguana is heavily wounded.
The orc hits you with a +0 whip.
* * * LOW HITPOINT WARNING * * *
The orc hits you but does no damage. The iguana misses you.
The orc hits you but does no damage.
You closely miss the iguana.
The iguana is heavily wounded.
The orc barely misses you. The orc closely misses you. The iguana bites you!
* * * LOW HITPOINT WARNING * * *
The orc completely misses you.
Your transformation has ended.
You turn into a tree.
Your +0 animal skin melds into your body.
Your roots penetrate the ground.
Something hits you.
* * * LOW HITPOINT WARNING * * *
The orc hits you but does no damage. x2; The iguana bites you!
* * * LOW HITPOINT WARNING * * *
The orc hits you but does no damage.
It was a potion of attraction.
You feel attractive to monsters. The orc hits you but does no damage.
Something hits you but does no damage. The orc hits you but does no damage.
The iguana bites you!
You die...

.# .# .#
###.####
#......#
#<.....#
#......###
#....?....
#o♣o...##(
#l.o...#
#...####
#...#
#...#
#.).#
#....
#....


You could see an iguana and 3 orcs.

Vanquished Creatures
  2 hounds (D:4)
  A bombardier beetle (D:4)
  An orc priest (D:3)
  A jelly (D:4)
  An iguana (D:4)
  4 adders
  A ribbon worm (D:3)
  6 orcs
  2 bats (D:1)
  8 endoplasms
  4 giant cockroaches
  11 goblins
  6 hobgoblins
  5 jackals
  3 quokkas
  9 ball pythons
  5 frilled lizards
  6 kobolds
  7 rats
83 creatures vanquished.

Notes
Turn   | Place    | Note
-------+----------+-------------------------------------------
     0 | D:1      | Alphaeus the Troll Shapeshifter began the quest for the
                  | Orb.
     0 | D:1      | Reached XP level 1. HP: 18/18 MP: 0/0
   190 | D:1      | Reached skill level 1 in Fighting
   223 | D:1      | Reached XP level 2. HP: 27/27 MP: 1/1
   291 | D:1      | Found a faded altar of an unknown god.
   778 | D:2      | Reached XP level 3. HP: 33/33 MP: 2/2
  1214 | D:3      | Reached XP level 4. HP: 36/41 MP: 3/3
  1407 | D:3      | Noticed a scorpion
  1473 | D:3      | Found a transporter.
  1481 | D:3      | Noticed PaiMei's ghost (novice TeAE)
  1485 | D:3      | Found a transporter.
  1728 | D:4      | Found Todugga's Book Shop.
  1746 | D:4      | Reached XP level 5. HP: 49/49 MP: 4/4
  2050 | D:4      | Found a stormy altar of Qazlal.
  2054 | D:4      | Became a worshipper of Qazlal Stormbringer
  2062 | D:4      | Found a sacrificial altar of Ru.
  2224 | D:4      | Found a basalt altar of Yredelemnul.
  2230 | D:4      | Reached XP level 6. HP: 35/57 MP: 5/5
  2679 | D:5      | Entered Level 5 of the Dungeon
  2679 | D:5      | Noticed an orc warrior
  2710 | D:5      | HP: 1/85 [iguana (7)]
  2711 | D:5      | Slain by an iguana

Illustrated notes

Levels and vault maps discovered:
D:1:      lordsloth_arrival_two_stooges, layout_basic,
          ebering_ecumenical_altar_petrified, chequers_serial_rivers_large_a
D:2:      layout_basic
D:3:      layout_rooms, gammafunk_ghost_arena
D:4:      layout_loops_corners, jmf_multi_god_temple2,
          yredelemnul_altar_generic, serial_shops,
          nicolae_shop_pleasant_corner_grove, minivault_19
D:5:      layout_rooms, amcnicky_altar_gilded, bloody_makhleb,
          mainiacjoe_overflow_six_doors_small,
          mainiacjoe_overflow_small_starburst,
          minmay_temple_entry_statues_fountains

Skill      XL: |  1  2  3  4  5 |
---------------+----------------+-----
Fighting       | 1 2 |  2.2
Unarmed Combat | 4 |  4.9
Shapeshifting  | 4 |  4.6
Dodging        | |  1.5
Invocations    | |  0.1

Action                     |  1- 3 |  4- 6 || total
---------------------------+-------+-------++-------
  Melee: Unarmed           |    81 |   113 ||   194
         Punch             |       |     2 ||     2
    Use: Potion            |       |     2 ||     2
   Stab: Sleeping          |       |     1 ||     1
 Armour: Animal skin       |    41 |    62 ||   103
         Skin              |       |     9 ||     9
  Dodge: Dodged            |    29 |    40 ||    69
